[Event "GER-ch Youth-U14 2022"]
[Site "Willingen"]
[Date "2022.06.05"]
[Round "1.12"]
[White "Udelnov, Valentin"]
[Black "Eichhorn, Valentin"]
[Result "1-0"]
[ECO "B40"]
[WhiteElo "1901"]
[BlackElo "1565"]
[Annotator "TA"]
[PlyCount "53"]
[EventDate "2022.06.05"]
[EventType "swiss"]
[EventRounds "9"]
[EventCountry "GER"]
[SourceTitle "playchess.com"]
[Source "ChessBase"]
[SourceQuality "1"]
[TimeControl "40/4500+30:900+30"]

1. e4 c5 2. Nf3 e6 3. d4 cxd4 4. Nxd4 Nf6 5. Nc3 Nc6 6. Bg5 Qb6 (6... h6 $11 7. Bh4 Be7) 7. Nb3 {[%emt 0:10:34] B45: Sicilian Four Knights.} (7. Bxf6 $5 gxf6 8. Nb3 $14) 7... a5 {[%emt 0:04:03] [#]} (7... Be7 $11) 8. Be3 $146 ({Predecessor:} 8. a4 Bb4 9. Bxf6 gxf6 10. Be2 d6 11. O-O Bxc3 12. bxc3 Ne5 13. Qd4 Qxd4 14. cxd4 Ng6 {1-0 (26) Simon,P (1681)-Thuesen,M (2207) Marianske Lazne 2016}) 8... Qd8 (8... Qb4 $2 9. a3 Qd6 10. Nb5 $18) 9. f4 {[%emt 0:07:14] White is more active.} (9. a3 $14) 9... Bb4 {[%emt 0:01:44] Hoping for ...Nxe4.} (9... a4 $5 10. e5 axb3 11. exf6 bxa2 12. Rxa2 Rxa2 13. Nxa2 Qxf6 $17) 10. Bd3 d5 (10... a4 $1 $15 11. Nd2 a3) 11. e5 $11 d4 (11... a4 $11 {remains equal.} 12. exf6 axb3 13. fxg7 Rg8) 12. Nxd4 $1 $16 (12. exf6 dxc3 13. O-O cxb2 14. fxg7 Rg8 $15) 12... Nxd4 (12... Nd5 $16 13. Nxc6 bxc6) 13. Bxd4 Nd5 (13... Qd5 $2 14. exf6 g6 15. Qd2 $1 $18) 14. O-O O-O (14... Nxc3 {keeps fighting.} 15. bxc3 Qd5) 15. Ne4 $18 (15. Qh5 Nf6 16. exf6 Qxd4+ 17. Kh1 g6) 15... Nxf4 $2 (15... Be7 {is a better chance.} 16. c3 g6) 16. Nf6+ gxf6 17. Rxf4 f5 18. Qh5 Be7 {[%emt 0:01:00] Against Rh4} 19. c3 Kh8 {[%emt 0:04:24] [#]} 20. Kh1 $2 $40 {[%emt 0:04:46][%mdl 128] White has some attack.} (20. Bxf5 $1 $18 exf5 21. e6+ Qxd4+ 22. cxd4 Bxe6 23. d5) 20... Bd7 $2 {[%emt 0:03:34][%mdl 8192] [#] This move loses the game for Black.} (20... Rg8 $14) 21. Rxf5 $1 {[%emt 0:02:15][%mdl 512] White mates.} exf5 22. e6+ {[%emt 0:00:23][%mdl 64] Discovered Attack} f6 23. Bxf5 Rf7 24. Qxf7 Qg8 25. Qxe7 Bc6 26. Bxf6+ Qg7 27. Qxg7# {[%emt 0:00:08] Weighted Error Value: White=0.45/Black=0.65} 1-0

[Event "GER-ch Youth-U14 2022"]
[Site "Willingen"]
[Date "2022.06.05"]
[Round "1.14"]
[White "Kocharin, Timur"]
[Black "Vihan, Shourya"]
[Result "1-0"]
[ECO "D51"]
[WhiteElo "1867"]
[BlackElo "1385"]
[Annotator "NA RC COMBH"]
[PlyCount "105"]
[EventDate "2022.06.05"]
[EventType "swiss"]
[EventRounds "9"]
[EventCountry "GER"]
[SourceTitle "playchess.com"]
[Source "ChessBase"]
[SourceQuality "1"]
[TimeControl "40/4500+30:900+30"]

1. d4 d5 2. c4 e6 3. Nc3 Nf6 4. Bg5 Nbd7 5. e3 c6 6. cxd5 exd5 7. Bd3 Be7 8. Nge2 O-O 9. Qc2 h6 10. Bh4 Nb6 11. O-O Be6 12. Rae1 Rc8 13. Nc1 Nc4 14. Nb3 Nd6 15. f3 Nd7 16. Bxe7 Qxe7 17. e4 dxe4 18. fxe4 Bxb3 19. Qxb3 c5 {[%emt 0:06:09] [#]} 20. e5 $11 (20. Nd5 $1 $16 Qe6 21. Nf4 (21. e5 c4 $15) 21... Qxb3 22. axb3) 20... c4 21. Qb4 Nf5 22. Qxe7 Nxe7 23. Be4 Rb8 24. Nb5 a6 25. Nd6 b5 26. Bb7 Rxb7 27. Nxb7 Nc6 28. Re4 Nb4 29. Nc5 Nxc5 30. dxc5 Nd3 31. e6 fxe6 32. Rxf8+ Kxf8 33. Rxe6 Nxc5 34. Rc6 Nd3 35. b3 Nb4 36. Rc8+ Ke7 37. bxc4 Kd7 38. Rg8 bxc4 39. Kf2 Kc6 40. a4 Kc5 41. Ke3 Nd5+ 42. Kd2 Kb4 43. Rxg7 Kxa4 44. Rd7 Nb6 45. Rd6 Kb5 46. Rxh6 a5 47. Rxb6+ Kxb6 48. Kc3 Kc5 49. h4 Kd5 50. h5 Ke5 51. Kxc4 Kf5 52. g4+ Kg5 53. Kb5 1-0

[Event "GER-ch Youth-U14 2022"]
[Site "Willingen"]
[Date "2022.06.05"]
[Round "1.15"]
[White "Shapiro, Danil"]
[Black "Krüger, Arthur"]
[Result "0-1"]
[ECO "C00"]
[WhiteElo "1468"]
[BlackElo "1988"]
[Annotator "TA"]
[PlyCount "74"]
[EventDate "2022.06.05"]
[EventType "swiss"]
[EventRounds "9"]
[EventCountry "GER"]
[SourceTitle "playchess.com"]
[Source "ChessBase"]
[SourceQuality "1"]
[TimeControl "40/4500+30:900+30"]

1. e4 e6 2. d3 d5 3. Nd2 Nc6 4. Ngf3 Nf6 5. g3 e5 6. Bg2 {[%emt 0:00:00] C00: French: Unusual White 2nd moves.} Bd6 (6... dxe4 $11 7. dxe4 Bc5) 7. O-O O-O 8. Re1 {[%emt 0:00:00] White has an edge.} Re8 9. a4 {[%emt 0:00:00] [#]} (9. exd5 {keeps more tension.} Nxd5 10. Nc4 Bg4 11. c3) 9... a5 $146 ({Predecessor:} 9... Bc5 10. Nb3 Bf8 11. exd5 Nxd5 12. Bd2 Bg4 13. h3 Bh5 14. a5 a6 15. Be3 Nxe3 16. Rxe3 {0-1 (56) Fraga,H (1773)-Acosta,P (1971) Curitiba 2018}) 10. exd5 Nxd5 11. Nc4 h6 12. c3 Rb8 (12... Bf5) 13. Nd4 exd4 $11 14. Rxe8+ Qxe8 15. Bxd5 Be6 16. Nxd6 cxd6 17. Bg2 d5 18. Qb3 dxc3 19. bxc3 d4 20. c4 Qd7 21. Rb1 (21. Bd2 $14) 21... Bf5 22. Bd2 Re8 23. Bf1 ({Don't blunder} 23. Qxb7 $2 Rb8 24. Qxb8+ Nxb8 25. Rxb8+ Kh7 $19) (23. Qb5 $11) 23... Ne5 $15 {[%emt 0:02:33] White must now prevent ...Nf3+.} 24. Bg2 {[%emt 0:15:18] Prevents Nf3+.} Bxd3 (24... b6 $5) 25. Rc1 (25. Re1 $11 {was the only way to keep the balance.} Bxc4 26. Qxb7 Qxb7 27. Bxb7) 25... Be2 $36 {[%emt 0:03:55][%cal Ob7b6][%mdl 2048] Black has strong initiative. Black is more active.} 26. Bd5 Nd3 {[%emt 0:01:28] Inhibits Re1.} 27. Rc2 $2 {[%emt 0:01:03][%mdl 8192] Now White is beyond hope.} (27. Ra1 $17 {prevents the worst.}) 27... Nc5 (27... Qf5 $142 28. f4 Nxf4 $1 29. Bxf4 Bd1) 28. Qb5 $19 {[%emt 0:00:30] [#]} Qxb5 29. axb5 b6 30. f3 $2 (30. h4 {was worth a try.}) 30... Bd3 31. Rc1 Nb3 32. Re1 Rc8 33. Bf4 Bxc4 34. Bb7 Rc5 35. Re8+ Kh7 36. Be4+ f5 37. Bc6 Bxb5 {Weighted Error Value: White=0.55/Black=0.25 (precise)} 0-1

[Event "GER-ch Youth-U14 2022"]
[Site "Willingen"]
[Date "2022.06.05"]
[Round "1.16"]
[White "Sauer, Tim"]
[Black "Sinka, Silas"]
[Result "0-1"]
[ECO "C11"]
[WhiteElo "1769"]
[BlackElo "1386"]
[Annotator "NA RC COMBH"]
[PlyCount "62"]
[EventDate "2022.06.05"]
[EventType "swiss"]
[EventRounds "9"]
[EventCountry "GER"]
[SourceTitle "playchess.com"]
[Source "ChessBase"]
[SourceQuality "1"]
[TimeControl "40/4500+30:900+30"]

1. e4 e6 2. d4 d5 3. Nc3 Nf6 4. e5 Nfd7 5. f4 c5 6. Nf3 Nc6 7. Be3 cxd4 8. Nxd4 Bc5 9. Qd2 Nxd4 10. Bxd4 Bxd4 11. Qxd4 a6 12. O-O-O Qb6 13. Qd2 Qc6 14. Ne2 b5 15. Nd4 Qc7 16. Bd3 O-O 17. Qf2 b4 18. Qh4 g6 19. Qg5 a5 20. h4 Ba6 21. Bxa6 Rxa6 22. h5 Qc4 23. hxg6 fxg6 24. Kb1 Rf7 25. Rd3 a4 26. Rdh3 Qxd4 27. Qxg6+ Rg7 28. Qe8+ Nf8 29. f5 Rxg2 30. c3 Rg1+ 31. Kc2 Qd1# 0-1

[Event "GER-ch Youth-U14 2022"]
[Site "Willingen"]
[Date "2022.06.05"]
[Round "1.17"]
[White "Weber, Nikita"]
[Black "Jahnz, Laurin"]
[Result "0-1"]
[ECO "D10"]
[WhiteElo "1264"]
[BlackElo "1681"]
[Annotator "NA RC COMBH"]
[PlyCount "118"]
[EventDate "2022.06.05"]
[EventType "swiss"]
[EventRounds "9"]
[EventCountry "GER"]
[SourceTitle "playchess.com"]
[Source "ChessBase"]
[SourceQuality "1"]
[TimeControl "40/4500+30:900+30"]

1. c4 c6 2. d4 d5 3. cxd5 cxd5 4. Nc3 Nf6 5. Nf3 Nc6 6. a3 g6 7. Bf4 Bg7 8. e3 O-O 9. Be2 Nh5 10. Bg3 Nxg3 11. hxg3 Rb8 12. Qb3 e6 13. O-O-O a6 14. Qc2 Bd7 15. Bd3 b5 16. Rh2 b4 17. Nb1 Na5 18. axb4 Rxb4 19. Rdh1 Ba4 20. Qc3 Qb8 21. Qa3 Nb3+ 22. Kd1 Nc5+ 23. Bc2 Rxb2 24. Bxa4 Rxb1+ 25. Ke2 Qb2+ 26. Qxb2 Rxb2+ 27. Bc2 Rxc2+ 28. Kd1 Rxf2 29. dxc5 Rb8 30. Ke1 Rbb2 31. Nd4 Bxd4 32. exd4 Rfe2+ 33. Kd1 Re4 34. Rxh7 Rb1+ 35. Kc2 Rxh1 36. Rxh1 Rxd4 37. Ra1 Rc4+ 38. Kd3 Rxc5 39. Rxa6 Rc4 40. Ke3 Kg7 41. Ra7 Kf6 42. Kf3 g5 43. Ra3 g4+ 44. Ke3 Ke5 45. Ra5 Rc3+ 46. Kf2 Ke4 47. Rb5 e5 48. Rb2 d4 49. Ra2 f5 50. Rb2 Kd3 51. Rb5 Rc2+ 52. Kg1 Ke4 53. Rb4 Ke3 54. Rb5 e4 55. Rxf5 d3 56. Rf1 d2 57. Kh2 Rc1 58. Rd1 Rc6 59. Kg1 Ke2 0-1

[Event "GER-ch Youth-U14 2022"]
[Site "Willingen"]
[Date "2022.06.05"]
[Round "1.18"]
[White "Sommer, Justus"]
[Black "Schreidl, Michael"]
[Result "0-1"]
[ECO "C50"]
[WhiteElo "1868"]
[BlackElo "1614"]
[Annotator "NA RC COMBH"]
[PlyCount "58"]
[EventDate "2022.06.05"]
[EventType "swiss"]
[EventRounds "9"]
[EventCountry "GER"]
[SourceTitle "playchess.com"]
[Source "ChessBase"]
[SourceQuality "1"]
[TimeControl "40/4500+30:900+30"]

1. e4 e5 2. Nf3 Nc6 3. Bc4 Bc5 4. O-O Nf6 5. d4 Bxd4 6. Nxd4 Nxd4 7. Bg5 h6 8. Bh4 g5 (8... d6 $15 {keeps the upper hand.}) 9. f4 d6 10. fxg5 Bg4 {[%emt 0:00:57] [#]} 11. Qd2 $2 (11. Qe1 $1 $18 hxg5 12. Bxg5 Nf3+ 13. gxf3) 11... Nxe4 $17 12. Bxf7+ Kd7 13. Qe3 Ne2+ 14. Kh1 hxg5 15. g3 gxh4 16. Qxe4 Nxg3+ 17. hxg3 hxg3+ 18. Kg1 Qh4 19. Qg2 Bh3 20. Qd5 c6 21. Qd3 Bxf1 22. Qf5+ Kc7 23. Kxf1 Qh1+ 24. Ke2 Rh2+ 25. Kd3 Qd1+ 26. Kc3 Rf2 27. Qh7 Rf3+ 28. Kb4 a5+ 29. Ka4 b5# 0-1

[Event "GER-ch Youth-U14 2022"]
[Site "Willingen"]
[Date "2022.06.05"]
[Round "1.20"]
[White "Uhlmann, Tim"]
[Black "Goldinov, Daniel"]
[Result "0-1"]
[ECO "B10"]
[WhiteElo "1776"]
[BlackElo "1626"]
[Annotator "NA RC COMBH"]
[PlyCount "134"]
[EventDate "2022.06.05"]
[EventType "swiss"]
[EventRounds "9"]
[EventCountry "GER"]
[SourceTitle "playchess.com"]
[Source "ChessBase"]
[SourceQuality "1"]
[TimeControl "40/4500+30:900+30"]

1. e4 c6 2. c4 d5 3. exd5 cxd5 4. cxd5 Nf6 5. Nc3 Nxd5 6. Nf3 e6 7. d4 Nxc3 8. bxc3 Qc7 9. Qc2 Nd7 10. Bd3 b6 11. Bxh7 Rxh7 12. Qxh7 Qxc3+ 13. Kd1 Bb7 14. Bb2 Bxf3+ 15. gxf3 Qxf3+ 16. Ke1 Bb4+ 17. Kf1 Qxh1+ 18. Ke2 Qd5 19. Qxg7 Qb5+ 20. Kf3 Qf5+ 21. Kg2 Qe4+ 22. Kg1 Qe2 23. Qh8+ Nf8 24. d5 Qg4+ 25. Kf1 Qc4+ 26. Kg1 Qxd5 27. Bf6 Qf5 28. Qh4 Ng6 29. Qxb4 Qxf6 30. Qb5+ Kf8 31. Rc1 a6 32. Qc6 Qg5+ 33. Kf1 Qb5+ 34. Qxb5 axb5 35. Rc2 Ne5 36. Rb2 Nd7 37. Ke2 Ra3 38. f3 Ne5 39. f4 Nc6 40. Ke1 b4 41. Kf2 Rc3 42. Kg2 Rc4 43. Kf3 Nd4+ 44. Ke3 Nf5+ 45. Kf3 Ke7 46. Kg4 Ne3+ 47. Kg5 Nd5 48. h4 f6+ 49. Kh6 Rxf4 50. h5 Kf7 51. Rg2 Ne7 52. Rg7+ Kf8 53. Rg2 Rh4 54. Rg1 Rh2 55. Rg4 Rxa2 56. Rxb4 Rg2 57. Rxb6 Kf7 58. Rb7 f5 59. Kh7 Rg7+ 60. Kh8 Kf6 61. Rb4 Rg4 62. Rb8 Kf7 63. h6 Ng6+ 64. Kh7 Nf8+ 65. Rxf8+ Kxf8 66. Kh8 Rh4 67. h7 Rxh7+ 0-1

[Event "GER-ch Youth-U14 2022"]
[Site "Willingen"]
[Date "2022.06.05"]
[Round "1.21"]
[White "Miller, Elias"]
[Black "Chinguun Sundui"]
[Result "1-0"]
[ECO "D02"]
[WhiteElo "1548"]
[BlackElo "1731"]
[Annotator "NA RC COMBH"]
[PlyCount "146"]
[EventDate "2022.06.05"]
[EventType "swiss"]
[EventRounds "9"]
[EventCountry "GER"]
[SourceTitle "playchess.com"]
[Source "ChessBase"]
[SourceQuality "1"]
[TimeControl "40/4500+30:900+30"]

1. d4 d5 2. Nf3 c6 3. c4 Nf6 4. g3 Bf5 5. Bg2 h6 6. O-O e6 7. Nc3 Be7 8. a3 a5 9. Nd2 O-O 10. e4 dxe4 11. Ndxe4 Nbd7 12. d5 Bxe4 13. Bxe4 Nc5 14. Bg2 cxd5 15. cxd5 e5 16. Re1 Bd6 17. Be3 Nfd7 18. Rc1 f5 19. Nb5 Qb6 20. Nxd6 Qxd6 21. Bxc5 Nxc5 22. Qc2 Rac8 23. b4 axb4 24. axb4 Na6 25. Qxc8 Rxc8 26. Rxc8+ Kf7 27. b5 Nc7 28. Rb8 b6 29. Rc1 Nxb5 30. Rb7+ Kg8 31. Rc6 Qb4 32. Rcxb6 Qe1+ 33. Bf1 Nc3 34. Kg2 Nd1 35. Rb2 Nxb2 36. Rxb2 Qe4+ 37. f3 Qxd5 38. Rc2 Qd4 39. Re2 g5 40. Re1 h5 41. Re2 g4 42. Rf2 Qd5 43. Be2 Kf7 44. Kf1 Ke6 45. Kg1 e4 46. fxg4 hxg4 47. Rf1 Qd4+ 48. Rf2 Ke5 49. Bf1 Ke6 50. Kg2 Kf6 51. Ra2 Kg5 52. Kh1 Qd5 53. Rb2 Qc5 54. Kg2 Qc3 55. Rf2 Qe3 56. Be2 Qd4 57. Bf1 Qd5 58. Kg1 e3 59. Rf4 Qd2 60. Kh1 e2 61. Bxe2 Qxe2 62. Kg1 Qe3+ 63. Rf2 Kf6 64. Kg2 Ke5 65. Rf4 Qxf4 66. gxf4+ Kxf4 67. Kf2 Ke4 68. Ke2 f4 69. Kf2 f3 70. Kf1 Ke3 71. Ke1 f2+ 72. Kf1 Kf3 73. h4 g3 1-0

[Event "GER-ch Youth-U14 2022"]
[Site "Willingen"]
[Date "2022.06.05"]
[Round "1.22"]
[White "Huber, Benedikt"]
[Black "Grundmann, Max"]
[Result "1-0"]
[ECO "B77"]
[WhiteElo "2288"]
[BlackElo "1358"]
[Annotator "TA"]
[PlyCount "75"]
[EventDate "2022.06.05"]
[EventType "swiss"]
[EventRounds "9"]
[EventCountry "GER"]
[SourceTitle "playchess.com"]
[Source "ChessBase"]
[SourceQuality "1"]
[TimeControl "40/4500+30:900+30"]

1. e4 c5 2. Nf3 Nc6 3. d4 cxd4 4. Nxd4 Nf6 5. Nc3 d6 6. f3 g6 7. Bc4 Bg7 8. Be3 O-O 9. Qd2 Bd7 10. Bb3 a6 11. g4 b5 12. O-O-O Na5 {[%emt 0:00:00] B78: Sicilian Dragon: Yugoslav Attack, 9 Bc4 Bd7 10 0-0-0 Rc8.} 13. h4 h5 (13... e5 $11 {remains equal.}) 14. gxh5 {[%emt 0:06:53] White is more active.} ({Much worse is} 14. g5 Ne8 $11) 14... Nxh5 {[%emt 0:00:23] White is better.} 15. Bh6 Rc8 {[%emt 0:03:45] [#]} 16. Rdg1 $146 ({Better is} 16. Bxg7 $16 Kxg7 17. Rhg1) ({Predecessor:} 16. Bxg7 Kxg7 17. Rdg1 e5 18. Nde2 Nxb3+ 19. axb3 Be6 20. Kb1 b4 21. Nd5 Bxd5 22. Qxd5 Rc5 {0-1 (34) Maksimovic,M (1898)-Heydarova,A (1760) Porec 2015}) 16... Qb6 $2 {[%emt 0:02:40] Black cannot hold the game after this.} (16... e6 $1 $11 {and Black stays safe.}) 17. Bxg7 $18 {[%emt 0:02:49] The board is on fire.} Kxg7 18. Nf5+ Bxf5 19. exf5 {[%emt 0:00:56] [#] Hoping for Rg5.} Nxb3+ (19... Nc4 $142 20. Bxc4 Rxc4) 20. axb3 {[%emt 0:00:06] Threatens to win with Rg5.} b4 $2 (20... Qb7 21. Qd3 b4) 21. Nd5 $1 Qa5 (21... Qa7 $142 22. fxg6 (22. Nxb4 a5 $16) 22... f6) 22. Kb1 e6 23. Rg5 $2 Qxd5 (23... exd5 24. Rxh5 Rh8 25. Qd4+ f6 {[#]} 26. Rg1 $1 Rxh5 27. Rxg6+ Kh7 28. Qg4) 24. f6+ $1 Nxf6 25. Rxd5 Nxd5 26. h5 {[%emt 0:00:32] aiming for Qd4+.} Kf6 (26... Rh8 $142) 27. Qd4+ Ke7 28. hxg6 fxg6 29. Qg7+ Rf7 30. Qxg6 Rcf8 31. Re1 Rf6 32. Qd3 {[%emt 0:00:14][%csl LRa6,LRd5] Black must now prevent Qxd5.} Rxf3 $2 (32... Nc7 33. Qc4 Kd7 34. Qxb4 Rxf3 35. Qa4+ Kc8) 33. Qxd5 R3f6 34. Qb7+ Ke8 35. Qxa6 (35. Qc6+ $142 Kd8 36. Qxd6+ Kc8 37. Re4 Rf4 38. Rxe6 R4f6 39. Qc5+ Kb8 40. Re7) 35... Kd7 36. Qb7+ Ke8 37. Rd1 (37. Qc8+ $142 Ke7 38. Qc7+ Ke8 39. Qxd6 Rg6 40. Rd1 Kf7 41. Rf1+ Rf6 42. Qd7+ Kg6 43. Rg1+ Kf5 44. Qd3+ Kf4 45. Rf1+ Kg4 46. Qe4+ Kh3 47. Rh1+ Kg3 48. Rg1+ Kf2 49. Rg2+ Kf1 50. Qe2#) 37... R8f7 38. Qb8+ {[%emt 0:00:11] Weighted Error Value: White=0.53/Black=1.55} 1-0

[Event "GER-ch Youth-U14 2022"]
[Site "Willingen"]
[Date "2022.06.05"]
[Round "1.23"]
[White "Detjen, Mattes"]
[Black "Braeutigam, Alexander"]
[Result "0-1"]
[ECO "B22"]
[WhiteElo "1098"]
[BlackElo "1749"]
[Annotator "NA RC COMBH"]
[PlyCount "66"]
[EventDate "2022.06.05"]
[EventType "swiss"]
[EventRounds "9"]
[EventCountry "GER"]
[SourceTitle "playchess.com"]
[Source "ChessBase"]
[SourceQuality "1"]
[TimeControl "40/4500+30:900+30"]

1. e4 c5 2. c3 d5 3. exd5 Qxd5 4. d4 g6 5. Nf3 Bg7 6. Be2 cxd4 7. cxd4 Nf6 8. Nc3 Qa5 9. O-O O-O 10. Qb3 a6 11. Bc4 e6 12. Be3 b5 13. Be2 Bb7 14. a3 Nd5 15. Nxd5 Bxd5 16. Qc2 Nc6 17. b4 Qb6 18. Qd2 Rfd8 19. Rfd1 Bb3 20. Rdb1 Nxd4 21. Nxd4 Bxd4 22. Bxd4 Rxd4 23. Qe3 Bc4 24. Bxc4 bxc4 25. Rc1 Rad8 26. h3 Qd6 27. Qc3 Qe5 28. Qc2 c3 29. Re1 Qc7 30. Rac1 Rd3 31. Re3 Rxe3 32. fxe3 Rd2 33. Qxc3 Rd1+ 0-1

[Event "GER-ch Youth-U14 2022"]
[Site "Willingen"]
[Date "2022.06.05"]
[Round "2.1"]
[White "Deuer, Marius"]
[Black "Kocharin, Timur"]
[Result "1-0"]
[ECO "E48"]
[WhiteElo "2359"]
[BlackElo "1867"]
[Annotator "TA"]
[PlyCount "71"]
[EventDate "2022.06.05"]
[EventType "swiss"]
[EventRounds "9"]
[EventCountry "GER"]
[SourceTitle "playchess.com"]
[Source "ChessBase"]
[SourceQuality "1"]
[TimeControl "40/4500+30:900+30"]

1. d4 Nf6 2. c4 e6 3. Nc3 Bb4 4. e3 O-O 5. Bd3 d5 6. cxd5 exd5 7. a3 {[%emt 0:00:00] E48: Nimzo-Indian: Rubinstein: 5 Bd3 d5 including 6 Ne2, but excluding 6 a3.} Be7 8. Qc2 b6 {[%emt 0:00:00] [#]} 9. Nge2 $146 {[%emt 0:00:00] The position is equal.} ({Predecessor:} 9. Nf3 Ba6 10. Bxa6 Nxa6 11. Ne5 Qe8 12. O-O Rc8 13. Qb3 Bd6 14. f4 c5 15. Nxd5 Bxe5 16. fxe5 Nxd5 17. Qxd5 {1-0 (33) Napoli,N (2309)-Maldonado Mena,G (2066) Calvia 2020}) 9... Bb7 10. b4 Nbd7 11. Rb1 c6 12. O-O Qc7 13. Bd2 Bd6 14. h3 a5 ({Better is} 14... a6 $14) 15. Rfc1 Qd8 16. f3 Qe7 {[%emt 0:05:17] White now steadily converts the win.} 17. e4 axb4 18. axb4 Bxb4 (18... dxe4 $16 {might work better.} 19. fxe4 Rfd8) 19. e5 $18 Nxe5 20. dxe5 Bc5+ 21. Kh1 Qxe5 22. Na4 Ba3 23. Re1 (23. Rxb6 Bxc1 24. Bxc1 Bc8 $16) 23... b5 24. Nc5 Bxc5 (24... Bc8 $142 25. Ra1 h6) 25. Qxc5 {[%emt 0:00:24] Hoping for Nd4.} Nd7 26. Qc2 h6 (26... g6 {was worth a try.} 27. Bc3 Qc7) 27. Bc3 {[%emt 0:00:39] This bishop pair is nice.} Qc7 (27... Qg5 $142 28. Nd4 c5) 28. Nd4 Rfe8 {[%emt 0:03:23] [#] Prevents Re7.} 29. Nxb5 $1 Qf4 (29... Rxe1+ 30. Rxe1) 30. Nd4 Nc5 31. Nf5 Rxe1+ (31... Nxd3 $142 32. Qxd3 Ba6) 32. Rxe1 Nxd3 33. Qxd3 Ba6 34. Qc2 g6 35. Ne7+ Kh7 {[%emt 0:00:09] [#]} 36. Nxg6 $1 {[%emt 0:00:10][%mdl 512] Weighted Error Value: White=0.20 (precise) /Black=0.64} 1-0

[Event "GER-ch Youth-U14 2022"]
[Site "Willingen"]
[Date "2022.06.05"]
[Round "2.2"]
[White "Krüger, Arthur"]
[Black "Sreyas Payyappat"]
[Result "0-1"]
[ECO "B12"]
[WhiteElo "1988"]
[BlackElo "2169"]
[Annotator "TA"]
[PlyCount "115"]
[EventDate "2022.06.05"]
[EventType "swiss"]
[EventRounds "9"]
[EventCountry "GER"]
[SourceTitle "playchess.com"]
[Source "ChessBase"]
[SourceQuality "1"]
[TimeControl "40/4500+30:900+30"]

1. e4 c6 2. d4 d5 3. e5 Bf5 4. Nf3 e6 5. Be2 Ne7 6. O-O Ng6 {[%emt 0:00:00] B12: Caro-Kann: Advance Variation.} 7. Nbd2 ({Better is} 7. c4 $14) 7... Nf4 $11 8. Nb3 Nxe2+ {[%emt 0:00:00] The position is equal.} 9. Qxe2 Nd7 10. Bd2 Be7 11. a4 O-O 12. Rfc1 $1 {[%emt 0:02:49] [#]} f6 $146 ({Predecessor:} 12... Rc8 13. a5 c5 14. dxc5 Nxc5 15. Nfd4 Bg6 16. Nxc5 Bxc5 17. c3 Bxd4 18. cxd4 Qd7 19. Bb4 Rxc1+ 20. Rxc1 Rc8 21. Rxc8+ Qxc8 {½-½ (21) Grabinsky,V (2219)-Villegas,P (2364) Chess.com INT 2020}) 13. exf6 $1 Bxf6 14. Bb4 Be7 (14... Re8 $142) 15. Bxe7 Qxe7 16. Ne5 Nxe5 17. Qxe5 Rf6 18. c3 Raf8 19. f3 {[%emt 0:10:08] Prevents Be4.} Rg6 20. Kh1 Qh4 21. Re1 Rg5 22. Re2 {[%emt 0:11:46] [#]} (22. g3 $11 Qh5 23. Nd2) 22... b6 (22... Bg4 $1 $15 23. Qd6 Rxf3 $1) 23. Qd6 (23. Qe3 $14) 23... Rg6 $1 24. Qe5 Bd3 {[%emt 0:03:10] Strongly threatening ...Bc4.} 25. Rd2 Bc4 26. Nc1 Qh6 27. Rf2 Rg4 {[%emt 0:00:57][%cal Og4e4] And now ...Re4! would win.} 28. Kg1 Rg5 29. Qd6 Rg6 {[%emt 0:02:43][%cal Oe6e5] Threatens to win with ...e5!} 30. Qe5 Rg5 31. Qd6 Rgf5 (31... Rg6 $11 32. b3 Ba6) 32. b3 $14 Ba6 33. Na2 $1 Qe3 {[%emt 0:00:29] Inhibits Re1.} 34. Qxc6 (34. Nb4 $5 Bb7 35. Nxc6 $14) 34... g5 (34... h6 $5 35. Nb4 Rxf3 36. gxf3 Rxf3 37. Qxe6+ (37. Nxa6 $2 Rxf2 38. Qxe6+ Qxe6 $19) 37... Qxe6 38. Rxf3 Bc8 $11) 35. Nb4 Rc8 $2 (35... Rxf3 $1 $14 36. gxf3 Rxf3 37. Qxe6+ (37. Nxa6 $2 Rxf2 38. Qxe6+ Qxe6 $19) (37. Qe8+ Kg7 $11) 37... Qxe6 38. Rxf3 g4) 36. Qd6 $1 $18 Qxc3 {[%emt 0:00:32] [#]} 37. Qxe6+ (37. Raf1 $1 $18 Bb7 38. Qxe6+ Rf7 39. Nxd5 Bxd5 40. Qxd5) 37... Rf7 $14 38. Qe1 Bb7 39. Qxc3 (39. h3 $14) 39... Rxc3 $11 40. Rb1 Rfc7 41. Rbb2 a5 {[%emt 0:19:49] ...Rc1+ is the strong threat.} 42. Na2 {[%emt 0:00:00] Against Rc1+} R3c6 43. Rfd2 Ba6 44. Kf2 Kf7 45. Ke3 Kg6 46. Kf2 h5 47. Rd1 g4 48. Rdd2 (48. fxg4 $11 hxg4 49. Kg3) 48... h4 {[%emt 0:00:00] Black is more active.} 49. Ke3 (49. b4 $15 Bc8 50. bxa5 bxa5 51. f4) 49... Kg5 (49... Rf7 $142 {aiming for ...Rcf6.} 50. Rdc2 Re6+ 51. Kf2 h3) 50. Kf2 (50. b4 $17) 50... gxf3 $19 51. gxf3 $2 (51. b4 fxg2 52. Kxg2) 51... Kf4 52. b4 {[%emt 0:00:00] Hoping for b5.} Rc4 53. bxa5 bxa5 54. Rb6 (54. Ke1 $142) 54... R7c6 55. Rb3 (55. Rb8 $142 Rc2 56. Rf8+ Kg5 57. Rg8+ Kf5 58. Rf8+ Kg6 59. Rxc2 Rxc2+ 60. Ke3) 55... h3 56. Ke1 $2 (56. Rb8 Rc2 57. Rf8+ Kg5 58. Rxc2 Rxc2+ 59. Kg3) 56... Rg6 57. Rb8 {[%emt 0:03:15] [#]} Rc8 (57... Rc1+ $142 $3 58. Rd1 Rg1+ 59. Kf2 Rf1+ 60. Rxf1 Rxf1#) 58. Rb5 {[%emt 0:00:53] What a bad dream for White.  Weighted Error Value: White=0.56/Black=0.34} 0-1